 Dungeon Crawl Stone Soup version 0.31-a0-246-g8cbcc1cb85 (webtiles) character file.

Game seed: 191317446729173793

3456 LeprechaunX the Insei (level 10, -4/67 HPs)
             Began as an Octopode Shapeshifter on July 12, 2023.
             Was an Elder of Cheibriados.
             Slain by a gnoll sergeant
             ... wielding a +4 trident of flaming
              (7 damage)
             ... on level 8 of the Dungeon.
             The game lasted 00:22:18 (5851 turns).

LeprechaunX the Insei (Octopode Shapeshifter)       Turns: 5851, Time: 00:22:18

Health: -4/67      AC:  5    Str: 23    XL:     10   Next: 6%
Magic:  9/13       EV: 15    Int: 21    God:    Cheibriados [****..]
Gold:   507        SH:  0    Dex: 25    Spells: 9/9 levels left

rFire   . .          .
                       - Unarmed
rCold   . . .        (no shield)
rNeg    . . .        (helmet currently unavailable)
rPois   .            y - amulet of magic regeneration
rElec   .            c - +4 ring of protection
rCorr   .            (no ring)
SInv    .            (no ring)
Will    .....        (no ring)
Stlth   +++          (no ring)
HPRegen 0.31/turn    (no ring)
MPRegen 0.53/turn    (no ring)
                     (no ring)

%: no passive effects
@: beast-form, very slow
A: beast (slay +4), almost no armour, amphibious, 8 rings, camouflage 1,
gelatinous body 1, (nimble swimmer 1), tentacles
a: Renounce Religion, Bend Time, Temporal Distortion, Slouch


You were on level 8 of the Dungeon.
You worshipped Cheibriados.
Cheibriados was greatly pleased with you.
You were a hulking beast.
You visited 2 branches of the dungeon, and saw 9 of its levels.
You also visited: Bailey.

You collected 507 gold pieces.

Inventory:

Hand Weapons
 b - a +1 sling of flaming
 D - the +3 falchion of Ymiem {heavy, Str+3}
   (You found it on level 8 of the Dungeon)

   Str:       It affects your strength (+3).
 H - a +2 orcbow of freezing
Magical Staves
 A - a staff of air
Jewellery
 c - a +4 ring of protection (left tentacle)
 y - an amulet of magic regeneration (around mantle)
 G - a ring of flight
Talismans
 h - a beast talisman
Wands
 p - a wand of polymorph (22)
 t - a wand of flame (22)
 w - a wand of paralysis (3)
 x - a wand of iceblast (23)
 C - a wand of mindburst (6)
Scrolls
 e - 5 scrolls of teleportation {unknown}
 f - a scroll of fog {unknown}
 g - a scroll of poison {unknown}
 j - a scroll of enchant armour {unknown}
 m - a scroll of revelation {unknown}
 n - 3 scrolls of blinking {unknown}
 o - a scroll of vulnerability {unknown}
 q - 5 scrolls of identify {unknown}
 v - 2 scrolls of acquirement {unknown}
 z - a scroll of amnesia {unknown}
 F - a scroll of noise {unknown}
Potions
 a - 2 potions of lignification
 d - a potion of ambrosia {unknown}
 i - a potion of degeneration {unknown}
 k - 4 potions of heal wounds {unknown}
 l - a potion of haste {unknown}
 r - a potion of attraction {unknown}
 s - 2 potions of curing {unknown}
 u - a potion of brilliance
 B - 2 potions of cancellation {unknown}
 E - 3 potions of enlightenment


   Skills:
 + Level 5.6 Fighting
 + Level 4.9 Ranged Weapons
 - Level 3.1 Dodging
 * Level 7.6 Unarmed Combat
 + Level 4.6 Invocations
 + Level 2.2 Evocations
 * Level 7.0 Shapeshifting


You had 9 spell levels left.
You didn't know any spells.
Your spell library contained the following spells:

 Spells                   Type           Power      Damage    Failure   Level
 Magic Dart               Conj           0%         1d3       19%         1
 Call Imp                 Summ           0%         N/A       26%         2
 Poisonous Vapours        Pois/Air       0%         N/A       26%         2
 Dazzling Flash           Conj/Hex       0%         N/A       47%         3
 Mephitic Cloud           Conj/Pois/Air  0%         N/A       47%         3
 Volatile Blastmotes      Fire/Tloc      0%         2d10      47%         3
 Freezing Cloud           Conj/Ice/Air   0%         6-21      99%         5
 Starburst                Conj/Fire      0%         6d3       100%        6
 Maxwell's Capacitive Co  Air            0%         ∞         100%        8


Dungeon Overview and Level Annotations

Branches:
Dungeon (8/15)             Temple (1/1) D:6          Bailey (visited)
   Lair: D:8-11

Altars:
Cheibriados
Kikubaaqudgha
Makhleb
Okawaru
Sif Muna
Trog
Uskayaw
Vehumet
Yredelemnul

Shops:
D:6 !

Annotations:
D:3 3 runed translucent doors, liarliar's ghost, amateur HuMo


Innate Abilities, Weirdness & Mutations

You are a hulking beast.
Your limbs bulge with bestial killing power. (Slay +4)
You cannot wear most types of armour.
You are amphibious.
You can wear up to eight rings at the same time.
Your skin changes colour to match your surroundings (Stealth+).
Your rubbery body absorbs attacks. (AC +1, EV +1)
((You are camouflaged when in or above water. (Stealth+)))
You have tentacles for arms and can constrict up to eight enemies at once.


Message History

You shoot a sling bullet.
The sling bullet hits the gnoll but does no damage.
The gnoll hits you from afar with a +0 spear!
You see here a +2 orcbow of freezing.
H - a +2 orcbow of freezing The gnoll hits you from afar with a +0 spear!
The gnoll sergeant hits you from afar with a +4 trident of flaming.
The gnoll sergeant burns you. The gnoll sergeant closely misses you.
The gnoll sergeant hits you from afar with a +4 trident of flaming!
The gnoll sergeant burns you.
Your +1 sling of flaming stops flaming.
You are now empty-tentacled.
The flow of time bends around you. The gnoll sergeant closely misses you.
The gnoll sergeant misses you. The gnoll sergeant misses you.
The gnoll sergeant hits you from afar with a +4 trident of flaming!
* * * LOW HITPOINT WARNING * * *
The gnoll sergeant burns you.
* * * LOW HITPOINT WARNING * * *
Activating: Slouch (24% risk of failure)
Press: ? - help, Dir - look around, f - activate You can feel time thicken for a moment.
You kill the gnoll!
Cheibriados thoroughly appreciates the change of pace.
You kill the gnoll!
Cheibriados thoroughly appreciates the change of pace.
You kill the gnoll!
Cheibriados thoroughly appreciates the change of pace.
You kill the gnoll!
Cheibriados thoroughly appreciates the change of pace.
Cheibriados lowers the support of your attributes as your movement quickens.
The gnoll sergeant hits you from afar with a +4 trident of flaming.
* * * LOW HITPOINT WARNING * * *
The gnoll sergeant burns you.
* * * LOW HITPOINT WARNING * * *
Your Shapeshifting skill increases to level 7!
Unknown command.
The gnoll sergeant barely misses you.
The gnoll sergeant hits you with a +4 trident of flaming!
You die...

..... ##.###.####.#.#..## ##
......####...##.####.#.#...####.
..g...'..g.gg..)..............'.
.g....####...##.######.#...####.
..... ##.###)# #.##.## ## ....
### #)# #.#### # ... #)# #+ #g#
###h# #...# #.### #. #. #. .. ##
# .


You could see a gnoll sergeant.

Vanquished Creatures
  Sigmund (D:2)
  Menkaure (D:5)
  Edmund (D:5)
  Duvessa (D:5)
  A water moccasin (D:4)
  A sky beast (D:6)
  An ice beast (D:6)
  A black bear (D:5)
  9 orc warriors
  2 ogres
  A centaur (D:8)
  A kobold brigand (D:8)
  A gnoll sergeant (D:8)
  2 bullfrogs
  A scorpion (D:4)
  Dowan (D:5)
  3 electric eels (D:7)
  A howler monkey (D:4)
  4 orc priests
  3 hounds
  2 jellies
  7 orc wizards
  A sleepcap (D:4)
  Terence (D:3)
  3 iguanas
  Natasha (thrice) (D:2)
  Robin (D:2)
  10 gnolls
  4 adders
  A shadow imp (D:5)
  2 white imps
  2 worms (D:3)
  10 dart slugs
  34 orcs
  4 ball pythons
  11 endoplasms
  8 giant cockroaches
  17 goblins
  17 hobgoblins
  7 quokkas
  2 bats
  2 frilled lizards
  20 kobolds
  5 rats
211 creatures vanquished.

Notes
Turn   | Place    | Note
-------+----------+-------------------------------------------
     0 | D:1      | LeprechaunX the Octopode Shapeshifter began the quest for
                  | the Orb.
     0 | D:1      | Reached XP level 1. HP: 14/14 MP: 1/1
   101 | D:1      | Reached XP level 2. HP: 19/19 MP: 2/2
   214 | D:1      | Reached XP level 3. HP: 24/24 MP: 3/3
   404 | D:1      | Found a faded altar of an unknown god.
   633 | D:2      | Noticed Natasha
   643 | D:2      | Killed Natasha
   644 | D:2      | Reached XP level 4. HP: 29/30 MP: 4/4
   660 | D:2      | Noticed Sigmund
   668 | D:2      | Killed Sigmund
   669 | D:2      | Reached skill level 1 in Ranged Weapons
   669 | D:2      | Reached XP level 5. HP: 34/36 MP: 5/5
   669 | D:2      | Reached XP level 6. HP: 39/41 MP: 6/6
   674 | D:2      | Noticed Natasha
   682 | D:2      | Killed Natasha
   693 | D:2      | Noticed Natasha
   701 | D:2      | Killed Natasha
   785 | D:2      | Noticed Robin
   818 | D:2      | Killed Robin
  1259 | D:3      | Noticed liarliar's ghost (amateur HuMo)
  1261 | D:3      | Found a runed translucent gate.
  1261 | D:3      | Found a runed translucent gate.
  1261 | D:3      | Found a runed translucent gate.
  1582 | D:3      | Noticed Terence
  1585 | D:3      | Found a shimmering blue altar of Sif Muna.
  1591 | D:3      | Killed Terence
  1704 | D:3      | Found a snail-covered altar of Cheibriados.
  1719 | D:3      | Became a worshipper of Cheibriados the Contemplative
  1890 | D:4      | Reached XP level 7. HP: 46/46 MP: 7/7
  1995 | D:4      | Reached skill level 1 in Invocations
  2114 | D:4      | Reached * piety under Cheibriados
  2335 | D:5      | Entered Level 5 of the Dungeon
  2349 | D:4      | Reached skill level 5 in Unarmed Combat
  2481 | D:5      | Reached skill level 5 in Shapeshifting
  2481 | D:5      | Reached XP level 8. HP: 54/54 MP: 9/9
  2597 | D:5      | Noticed Edmund
  2611 | D:5      | Killed Edmund
  2763 | D:5      | Noticed Duvessa
  2763 | D:5      | Noticed Dowan
  2771 | D:5      | Killed Duvessa
  2776 | D:5      | Killed Dowan
  2978 | D:5      | Reached ** piety under Cheibriados
  3128 | D:5      | Noticed Menkaure
  3135 | D:5      | Killed Menkaure
  3340 | D:6      | Reached XP level 9. HP: 36/59 MP: 11/11
  3450 | D:6      | Found Plog's Distillery.
  3647 | D:6      | Found a hide-covered altar of Uskayaw.
  3724 | D:6      | Found a burning altar of Makhleb.
  3852 | D:6      | Found a staircase to the Ecumenical Temple.
  3863 | Temple   | Entered the Ecumenical Temple
  3942 | D:6      | Found a bloodstained altar of Trog.
  3983 | D:6      | Found an iron altar of Okawaru.
  4449 | D:7      | Identified the +1 helmet "Selos Puxt" {Int+3}
  4542 | D:7      | Reached skill level 5 in Fighting
  4543 | D:7      | Reached *** piety under Cheibriados
  4879 | D:7      | Found a basalt altar of Yredelemnul.
  4949 | D:8      | Identified the +3 falchion of Ymiem {heavy, Str+3}
  5147 | D:8      | Found a flagged portal.
  5153 | Bailey   | Entered a bailey
  5198 | Bailey   | Reached **** piety under Cheibriados
  5199 | Bailey   | Reached skill level 1 in Evocations
  5362 | Bailey   | Reached XP level 10. HP: 65/66 MP: 13/13
  5850 | D:8      | HP: 3/66 [gnoll sergeant/+4 trident of flaming (2)]
  5851 | D:8      | Slain by a gnoll sergeant

Illustrated notes

Levels and vault maps discovered:
D:1:      dpeg_arrival_shelter, layout_basic,
          hellmonk_ecumenical_altar_heavens_door
D:2:      layout_rooms, uniq_natasha, uniq_sigmund, uniq_robin
D:3:      layout_basic, lemuel_round_altar, slow_altar_2, gammafunk_ghost_split,
          uniq_terence
D:4:      layout_rooms
D:5:      layout_basic, uniq_edmund, uniq_duvessa, uniq_menkaure
D:6:      layout_basic, lightli_temple_of_fire, mainiacjoe_overflow_big_doors,
          trog_book, minmay_temple_entry_proselytizer, minmay_shop_grid_forest
D:7:      kennysheep_slugbush, layout_rooms, mainiacjoe_overflow_brackets
D:8:      layout_loops_corners, enter_bailey_3, minmay_misc_feat_room
Temple:   nicolae_temple_bog_church

Skill      XL: |  1  2  3  4  5  6  7  8  9 10 |
---------------+-------------------------------+-----
Ranged Weapons | 1 2 3 4 |  4.9
Unarmed Combat | 3 4 5 6 7 |  7.6
Shapeshifting  | 4 5 6 7 |  7.0
Fighting       | 3 4 5 |  5.6
Dodging        | 3 |  3.1
Invocations    | 1 3 4 |  4.6
Evocations     | 2 |  2.2

Action                     |  1- 3 |  4- 6 |  7- 9 | 10-12 || total
---------------------------+-------+-------+-------+-------++-------
  Melee: Unarmed           |    49 |    79 |    90 |     1 ||   219
         Constrict         |    16 |    21 |    24 |       ||    61
         Punch             |     2 |     1 |     7 |       ||    10
         Tentacles         |     9 |    16 |    31 |       ||    56
   Fire: Sling             |     4 |    23 |   237 |    11 ||   275
 Invoke: Bend Time         |       |       |       |     1 ||     1
         Slouch            |       |       |       |     1 ||     1
  Evoke: Wand              |       |       |     1 |       ||     1
   Stab: Sleeping          |     4 |     5 |       |       ||     9
 Armour: Skin              |     9 |    17 |    20 |       ||    46
  Dodge: Dodged            |    21 |    29 |    91 |     7 ||   148

Table legend: (Time is in decaauts)
 A = Elapsed time spent in this place.
 B = Non-inter-level travel time spent in this place.
 C = Inter-level travel time spent in this place.
 D = Time resting spent in this place.
 E = Time spent auto-exploring this place.
 F = Levels seen in this place.
 G = Mean time per level.
                   A        B        C        D        E       F      G
               +--------+--------+--------+--------+--------+-----+--------+
         Total |   7261 |   6900 |    361 |    394 |   4722 |  10 |  726.1 |
       Dungeon |   6859 |   6498 |    361 |    394 |   4722 |   8 |  857.4 |
        Temple |      1 |      1 |      0 |      0 |      0 |   1 |    1.0 |
        Bailey |    400 |    400 |      0 |      0 |      0 |   1 |  400.0 |
               +--------+--------+--------+--------+--------+-----+--------+

Top non-repeatable levels by time:
     D:6: 1276 daAuts
     D:7: 1014 daAuts
     D:8: 977 daAuts
     D:5: 965 daAuts
     D:4: 778 daAuts
     D:2: 657 daAuts
     D:3: 609 daAuts
     D:1: 578 daAuts
  Bailey: 400 daAuts
  Temple: 1 daAuts
